 Dungeon Crawl Stone Soup version 0.28-a0-1347-g113dc556a4 (webtiles) character file.

Game seed: 32630034911128722

277 rogsnak the Magician (level 6, -8/43 HPs)
             Began as a Demonspawn Hedge Wizard on Dec 29, 2021.
             Mangled by Edmund (9 damage)
             ... on level 4 of the Dungeon.
             The game lasted 00:07:57 (3817 turns).

rogsnak the Magician (Demonspawn Hedge Wizard)      Turns: 3817, Time: 00:07:58

Health: -8/43      AC:  6    Str: 10    XL:     6   Next: 4%
Magic:  12/12      EV: 13    Int: 17    God:
Gold:   125        SH:  0    Dex: 21    Spells: 8/14 levels left

rFire   . . .      SeeInvis .   e - +1 whip (pain)
rCold   . . .      Faith    .   (no shield)
rNeg    . . .      Spirit   .   b - +0 robe
rPois   .          Reflect  .   c - +0 hat
rElec   .          Harm     .   (no cloak)
rCorr   .          Rampage  .   (no gloves)
Will    .....                   (no boots)
Stlth   +++.......              (no amulet)
HPRegen 0.14/turn               i - +4 ring of protection
MPRegen 0.13/turn               r - +6 ring of dexterity

@: lethally poisoned (-8 -> -14)
A: claws 1, thin skeletal structure 1, spiny 2
a: no special abilities


You were on level 4 of the Dungeon.
You visited 1 branch of the dungeon, and saw 4 of its levels.

You collected 125 gold pieces.

Inventory:

Hand Weapons
 a - a +0 dagger
 e - a +1 whip of pain (weapon)
Missiles
 j - 9 poisoned darts
 p - 5 atropa-tipped darts
Armour
 b - a +0 robe (worn)
 c - a +0 hat (worn)
Magical Staves
 l - a staff of death
Jewellery
 i - a +4 ring of protection (left claw)
 r - a +6 ring of dexterity (right claw)
Wands
 q - a wand of paralysis (7)
Scrolls
 f - a scroll of magic mapping {unknown}
 g - a scroll of summoning {unknown}
 h - 2 scrolls of enchant weapon {unknown}
 k - a scroll of vulnerability {unknown}
 m - a scroll of teleportation {unknown}
 n - a scroll of fog {unknown}
 o - 3 scrolls of identify {unknown}
Potions
 d - 3 potions of attraction {unknown}


   Skills:
 + Level 1.0 Fighting
 + Level 2.5 Dodging
 - Level 1.7 Stealth
 + Level 4.5 Spellcasting
 * Level 4.0 Conjurations
 - Level 1.0 Summonings
 + Level 0.8 Translocations


You had 8 spell levels left.
You knew the following spells:

 Your Spells              Type           Power      Damage    Failure   Level
a - Magic Dart            Conj           68%        1d6       2%          1
b - Blink                 Tloc           12%        N/A       16%         2
c - Mephitic Cloud        Conj/Pois/Air  8%         N/A       26%         3

Your spell library contained the following spells:

 Spells                   Type           Power      Damage    Failure   Level
 Static Discharge         Conj/Air       10%        N/A       10%         2
 Slow                     Hex            12%        N/A       16%         1
 Call Imp                 Summ           7%         N/A       16%         2
 Conjure Flame            Conj/Fire      10%        6-21      19%         3
 Sticky Flame             Conj/Fire      10%        2d3       54%         4
 Dispel Undead            Necr           3%         3d7       83%         4


Dungeon Overview and Level Annotations

Branches:
Dungeon (4/15)
 Temple: D:4-7

Altars:
Dithmenos
Kikubaaqudgha
Nemelex Xobeh
Trog

Annotations:
D:2 wall cache
D:4 Edmund


Innate Abilities, Weirdness & Mutations

You have sharp fingernails.
You have a somewhat thin skeletal structure. (Dex +2, Stealth+)
You are mostly covered in sharp spines.


Message History

You barely miss Edmund.
Edmund is lightly wounded.
You feel very sick. Edmund closely misses you. Edmund misses you.
You hit Edmund.
Edmund is lightly wounded.
You feel sick. Edmund barely misses you.
You hit Edmund but do no damage.
Edmund is lightly wounded.
You feel sick.
Edmund hits you with a +1 flail of venom.
You are more poisoned.
You hit Edmund but do no damage.
Edmund is lightly wounded.
You feel very sick.
Edmund hits you with a +1 flail of venom.
You are lethally poisoned!
* * * LOW HITPOINT WARNING * * *
You feel very sick.
You hit Edmund but do no damage.
Edmund is lightly wounded.
* * * LOW HITPOINT WARNING * * *
You feel very sick. Edmund closely misses you.
You completely miss Edmund.
Edmund is lightly wounded.
* * * LOW HITPOINT WARNING * * *
You feel very sick. Edmund is struck by your spines. Edmund barely misses you.
You hit Edmund.
Edmund is moderately wounded.
* * * LOW HITPOINT WARNING * * *
You feel very sick. Edmund closely misses you.
You hit Edmund.
Edmund is moderately wounded.
* * * LOW HITPOINT WARNING * * *
You feel sick.
Edmund hits you with a +1 flail of venom!
You die...

..... #.......#
.....#####.......#######
.#....#..#........#.....
........................
.........#.†..###......#
........##....###...#..#
.........##.#......##)..
......#..##...#.>.......
....###@####...........#
... #@# ###.#..##.)..#
.......<# #...#.###.....
..##..... #...†..##.....
....#..........##.....
#.....#.......#..#......
.#..###.......<.........
#.. #......##.........
.. #.#.###...........


You could see Edmund.

Vanquished Creatures
  An ogre (D:4)
  A jelly (D:3)
  An iguana (D:4)
  Natasha (twice) (D:4)
  2 adders
  2 dart slugs
  2 orcs (D:3)
  4 ball pythons
  5 bats (D:2)
  8 endoplasms
  6 giant cockroaches
  5 goblins
  4 hobgoblins
  5 quokkas
  A frilled lizard (D:2)
  10 kobolds
  5 rats
64 creatures vanquished.

Vanquished Creatures (others)
  2 fungi (D:3)
  6 plants (D:3)
8 creatures vanquished.

Grand Total: 72 creatures vanquished

Notes
Turn   | Place    | Note
-------+----------+-------------------------------------------
     0 | D:1      | rogsnak the Demonspawn Hedge Wizard began the quest for the
                  | Orb.
     0 | D:1      | Reached XP level 1. HP: 13/13 MP: 4/4
   268 | D:1      | Gained mutation: You are partially covered in sharp spines.
                  | [demonic ancestry]
   268 | D:1      | Reached XP level 2. HP: 19/19 MP: 0/6
  1341 | D:2      | Reached XP level 3. HP: 25/25 MP: 5/8
  2611 | D:3      | Found a bloodstained altar of Trog.
  2818 | D:3      | Gained mutation: You have sharp fingernails. [demonic
                  | ancestry]
  2818 | D:3      | Reached XP level 4. HP: 31/31 MP: 3/9
  3030 | D:3      | Learned a level 2 spell: Blink
  3034 | D:3      | Learned a level 3 spell: Mephitic Cloud
  3034 | D:3      | Found a faded altar of an unknown god.
  3166 | D:3      | Found a shadowy altar of Dithmenos.
  3167 | D:3      | Found a sparkling altar of Nemelex Xobeh.
  3216 | D:3      | Found an ancient bone altar of Kikubaaqudgha.
  3462 | D:4      | Gained mutation: You are mostly covered in sharp spines.
                  | [demonic ancestry]
  3462 | D:4      | Reached XP level 5. HP: 17/36 MP: 6/11
  3557 | D:4      | Noticed an ogre
  3565 | D:4      | Killed an ogre
  3695 | D:4      | Noticed Natasha
  3711 | D:4      | Killed Natasha
  3712 | D:4      | Reached skill level 1 in Fighting
  3712 | D:4      | Noticed Edmund
  3714 | D:4      | Noticed Natasha
  3719 | D:4      | Killed Natasha
  3720 | D:4      | Gained mutation: You have a somewhat thin skeletal
                  | structure. (Dex +2, Stealth+) [demonic ancestry]
  3720 | D:4      | Reached XP level 6. HP: 35/43 MP: 1/12
  3817 | D:4      | HP: 1/43 [poisoned by Edmund]
  3817 | D:4      | Mangled by Edmund

Illustrated notes

Levels and vault maps discovered:
D:1:      roderic_crossed_star, layout_loops_ring, minmay_cut_off
D:2:      layout_basic, due_unseen_surprise
D:3:      layout_basic, nicolae_kikubaaqudgha_miasma_corner,
          lightli_temple_of_fire, mainiacjoe_overflow_divided_tiny,
          shapermc_ecumenical_altar_mp_urbaneastern, corexii_leaking_fountain
D:4:      layout_cave_pools, minmay_fractal_squares_diagonal_5, uniq_grinder,
          uniq_edmund, uniq_natasha

Skill      XL: |  1  2  3  4  5 |
---------------+----------------+-----
Dodging        | 2 |  2.5
Conjurations   | 2 3 4 |  4.0
Spellcasting   | 4 |  4.5
Fighting       | 1 |  1.0
Stealth        | |  1.7
Summonings     | |  1.0
Translocations | |  0.8

Action                   |  1- 3 |  4- 6 || total
-------------------------+-------+-------++-------
Melee: Dagger            |     6 |       ||     6
       Whip              |    44 |    26 ||    70
 Cast: Magic Dart        |    97 |    39 ||   136
 Stab: Sleeping          |     1 |     1 ||     2
Armor: Robe              |     7 |       ||     7
Dodge: Dodged            |    39 |    15 ||    54

Table legend: (Time is in decaauts)
 A = Elapsed time spent in this place.
 B = Non-inter-level travel time spent in this place.
 C = Inter-level travel time spent in this place.
 D = Time resting spent in this place.
 E = Time spent auto-exploring this place.
 F = Levels seen in this place.
 G = Mean time per level.
                   A        B        C        D        E       F      G
               +--------+--------+--------+--------+--------+-----+--------+
         Total |   3821 |   3738 |     83 |    541 |   2702 |   4 |  955.2 |
       Dungeon |   3821 |   3738 |     83 |    541 |   2702 |   4 |  955.2 |
               +--------+--------+--------+--------+--------+-----+--------+

Top non-repeatable levels by time:
     D:1: 1266 daAuts
     D:2: 1194 daAuts
     D:3: 995 daAuts
     D:4: 365 daAuts
